 Dungeon Crawl Stone Soup version 0.24-a0-194-g9bee6eb (console) character file.

Game seed: 12275850949700599688

99 Voker57 the Slasher (level 4, -3/34 HPs)
             Began as a Demonspawn Gladiator on Mar 18, 2019.
             Slain by an ogre
             ... wielding a +0 giant club
              (20 damage)
             ... on level 3 of the Dungeon.
             The game lasted 00:01:27 (1995 turns).

Voker57 the Slasher (Demonspawn Gladiator)          Turns: 1995, Time: 00:01:27

Health: -3/34      AC:  4    Str: 15    XL:     4   Next: 45%
Magic:  4/4        EV: 13    Int:  9    God:
Gold:   107        SH:  0    Dex: 15    Spells: 3/3 levels left

rFire    . . .     SeeInvis .   a - +0 long sword
rCold    . . .     Gourm    .   (no shield)
rNeg     . . .     Faith    .   b - +0 leather armour
rPois    .         Spirit   .   c - +0 helmet
rElec    .         Reflect  .   (no cloak)
rCorr    .         Harm     .   (no gloves)
MR       .....                  (no boots)
Stlth    +.........             (no amulet)
HPRegen  0.11/turn              (no ring)
MPRegen  0.09/turn              (no ring)

@: no status effects
A: spiny 2
a: no special abilities


You were on level 3 of the Dungeon.
You were not hungry.

You visited 1 branch of the dungeon, and saw 3 of its levels.

You collected 107 gold pieces.

Inventory:

Hand Weapons
 a - a +0 long sword (weapon)
Missiles
 d - a throwing net (quivered)
Armour
 b - a +0 leather armour (worn)
 c - a +0 helmet (worn)
Jewellery
 g - an uncursed ring of wizardry {unknown}
 i - an uncursed ring of positive energy {unknown}
 k - a +3 ring of slaying {unknown}
 o - an uncursed ring of stealth {unknown}
Scrolls
 e - 5 scrolls of identify {unknown}
 h - 2 scrolls of fear {unknown}
 j - a scroll of noise {unknown}
 l - a scroll of immolation {unknown}
 m - a scroll of enchant weapon {unknown}
 q - a scroll of amnesia {unknown}
 r - a scroll of remove curse {unknown}
Potions
 n - a potion of brilliance {unknown}
 p - a potion of curing {unknown}
 t - a potion of lignification {unknown}
Comestibles
 f - 9 rations
 s - a chunk of flesh


   Skills:
 + Level 2.9 Fighting
 * Level 3.9 Long Blades
 - Level 1.7 Throwing
 + Level 3.3 Dodging


You had 3 spell levels left.
You didn't know any spells.
Your spell library was empty.

Dungeon Overview and Level Annotations

Branches:
Dungeon (3/15)

Altars:
Kikubaaqudgha
Uskayaw
Wu Jian


Innate Abilities, Weirdness & Mutations

You are mostly covered in sharp spines.


Message History

An ogre is nearby!
An ogre is nearby!
An ogre is nearby!
The ogre shouts!
The ogre is struck by your spines. The ogre hits you with a +0 giant club!
You are too injured to fight recklessly!
You are too injured to fight recklessly!
Throwing (i - inventory)
d - 3 throwing nets (quivered)
Press: ? - help, Shift-Dir - straight line, f - ogre
Aim: an ogre, wielding a +0 giant club (lightly wounded)
You throw a throwing net.
The throwing net barely misses the ogre.
Throwing (i - inventory)
d - 2 throwing nets (quivered)
Press: ? - help, Shift-Dir - straight line, f/p - ogre
Aim: an ogre, wielding a +0 giant club (lightly wounded)
You throw a throwing net.
The throwing net barely misses the ogre.
The ogre hits you with a +0 giant club!!
Ouch! That really hurt!
You die...

##.# .(.# #..#
######### #..
#.......# ...
##.......# #.#
#........#######O#
#........##.....@#
#........##.####.#
#........## ####.#
#.<.....>##.#...)#
#........##.#.##.#
#........##......#
###.#########.####
#.#......##.#
###.#.####.##.###
...֠...#.......#


You could see an ogre.

Vanquished Creatures
  A hound zombie (D:3)
  2 adders (D:2)
  3 worms (D:2)
  2 dart slugs
  2 leopard geckos (D:1)
  5 goblins
  3 hobgoblins
  9 jackals
  A quokka (D:2)
  8 bats
  6 frilled lizards
  7 kobolds
  7 rats
56 creatures vanquished.

Notes
Turn   | Place    | Note
-------+----------+-------------------------------------------
     0 | D:1      | Voker57 the Demonspawn Gladiator began the quest for the
                  | Orb.
     0 | D:1      | Reached XP level 1. HP: 16/16 MP: 1/1
   401 | D:1      | Gained mutation: You are partially covered in sharp spines.
                  | [demonic ancestry]
   401 | D:1      | Reached XP level 2. HP: 22/22 MP: 2/2
  1126 | D:2      | Reached XP level 3. HP: 15/28 MP: 3/3
  1486 | D:2      | Found a hide-covered altar of Uskayaw.
  1488 | D:2      | Noticed a +0 hand axe
  1488 | D:2      | Noticed a +0 dagger
  1506 | D:2      | Gained mutation: You are mostly covered in sharp spines.
                  | [demonic ancestry]
  1506 | D:2      | Reached XP level 4. HP: 28/34 MP: 4/4
  1589 | D:2      | Found an ancient bone altar of Kikubaaqudgha.
  1589 | D:2      | Found an ornate altar of the Wu Jian Council.
  1990 | D:3      | Noticed an ogre
  1995 | D:3      | Slain by an ogre

Levels and vault maps discovered:
D:1:      wander_arrival_fairy_ring, layout_basic
D:2:      cheibrodos_helix_gallery, layout_basic, grunt_temple_overflow_open,
          dancing_weapons_uskayaw, first_ration, kennysheep_generic_room_4
D:3:      minmay_inner_zag, layout_loops_cross,
          grunt_dithmenos_smoke_and_mirrors

Skill      XL: |  1  2 |
---------------+-------+-----
Long Blades    | 3 |  3.9
Dodging        | 3 |  3.3
Fighting       | |  2.9
Throwing       | |  1.7

Action                   |  1- 3 |  4- 6 || total
-------------------------+-------+-------++-------
Melee: Long sword        |    83 |    25 ||   108
Throw: Throwing net      |       |     2 ||     2
 Stab: Sleeping          |     1 |       ||     1
  Eat: Chunk             |     2 |     2 ||     4
Armor: Leather armour    |    25 |     1 ||    26
Dodge: Dodged            |    76 |    18 ||    94
       Rpst.: Long sword |    22 |     8 ||    30

Table legend:
 A = Non-vault XP
 B = Vault XP
 C = Vault XP percentage of total XP
 D = Non-vault monster count
 E = Vault monster count
 F = Vault count percentage of total count
                 A         B        C        D         E       F
            +---------+---------+-------+---------+---------+-------
      Total |     123 |      19 |  13.4 |      53 |       3 |   5.4
            +---------+---------+-------+---------+---------+-------
        D:1 |      31 |       0 |   0.0 |      20 |       0 |   0.0
        D:2 |      62 |      19 |  23.5 |      26 |       3 |  10.3
        D:3 |      30 |       0 |   0.0 |       7 |       0 |   0.0
            +---------+---------+-------+---------+---------+-------
